 Dungeon Crawl Stone Soup version 0.27-a0-1083-gcf8293e1eb (webtiles) character file.

Game seed: 18355360678714987540

60 Bapho the Shield-Bearer (level 3, -1/36 HPs)
             Began as a Troll Fighter on Apr 26, 2021.
             Was a Priest of Lugonu.
             Slain by a gnoll
             ... wielding a +0 flail
              (10 damage)
             ... on level 1 of the Dungeon.
             The game lasted 00:03:25 (1648 turns).

Bapho the Shield-Bearer (Troll Fighter)             Turns: 1648, Time: 00:03:26

Health: -1/36      AC:  4    Str: 24    XL:     3   Next: 80%
Magic:  2/2        EV:  8    Int:  5    God:    Lugonu [***...]
Gold:   146        SH:  9    Dex:  9    Spells: 2/2 levels left

rFire    . . .     SeeInvis .   k - +0 club
rCold    . . .     Faith    .   b - +0 kite shield
rNeg     . . .     Spirit   .   a - +0 robe
rPois    .         Reflect  .   (helmet restricted)
rElec    .         Harm     .   (no cloak)
rCorr    .         Rampage  .   (gloves unavailable)
Will     .....                  (boots unavailable)
Stlth    +.........             (no amulet)
HPRegen  1.12/turn              (no ring)
MPRegen  0.08/turn              (no ring)

@: no status effects
A: large, unfitting armour, claws 3, regeneration 1, shaggy fur 1, tough skin 1
a: Renounce Religion, Depart the Abyss, Bend Space, Banish


You were on level 1 of the Dungeon.
You worshipped Lugonu.
Lugonu was most pleased with you.
You visited 1 branch of the dungeon, and saw 2 of its levels.

You collected 146 gold pieces.

Inventory:

Hand Weapons
 k - a +0 club (weapon)
Missiles
 e - 45 stones (quivered)
Armour
 a - a +0 robe (worn)
 b - a +0 kite shield (worn)
Scrolls
 g - a scroll of amnesia {unknown}
 h - a scroll of fog {unknown}
 i - a scroll of teleportation {unknown}
 l - a scroll of enchant weapon {unknown}
 n - a scroll of brand weapon {unknown}
Potions
 c - a potion of might
 d - a potion of resistance
 f - 2 potions of lignification
 j - a potion of attraction {unknown}
 m - 2 potions of heal wounds {unknown}


   Skills:
 - Level 2.4 Fighting
 + Level 1.2 Maces & Flails
 - Level 2.4 Dodging
 + Level 3.5 Shields
 - Level 2.3 Unarmed Combat


You had 2 spell levels left.
You didn't know any spells.
Your spell library contained the following spells:

 Spells                   Type           Power      Damage    Failure   Level
 Magic Dart               Conj           0%         1d3       86%         1
 Searing Ray              Conj           0%         3d3       95%         2
 Dazzling Flash           Conj/Hex       0%         N/A       99%         3
 Fulminant Prism          Conj/Hex       0%         3d6       100%        4
 Iskenderun's Mystic Bla  Conj/Tloc      0%         2d3       100%        4


Dungeon Overview and Level Annotations

Branches:
Dungeon (2/15)

Altars:
Lugonu


Innate Abilities, Weirdness & Mutations

You are too large for most types of armour.
You have claws for hands.
Your natural rate of healing is unusually fast.
You are covered in fur. (AC +1)
You have tough skin. (AC +1)


Message History

* * * LOW HITPOINT WARNING * * *
You block the gnoll's attack. You block the gnoll's attack.
The gnoll hits you from afar with a +0 halberd!
The gnoll hits you with a +0 halberd.
You hit the gnoll but do no damage. The gnoll barely misses you.
The gnoll closely misses you.
You closely miss the gnoll. You block the gnoll's attack. x2
The gnoll closely misses you.
You hit the gnoll.
The gnoll is heavily wounded.
The gnoll hits you but does no damage. The gnoll hits you with a +0 halberd!
You block the gnoll's attack.
The gnoll hits you from afar with a +0 halberd.
You block the gnoll's attack.
You hit the gnoll but do no damage.
The gnoll is severely wounded.
The gnoll barely misses you. The gnoll misses you.
You barely miss the gnoll.
The gnoll is severely wounded.
You block the gnoll's attack.
You barely miss the gnoll.
The gnoll is severely wounded.
The gnoll hits you from afar with a +0 halberd.
The gnoll hits you with a +0 flail!
There is a stone staircase leading up here.
The gnoll hits you from afar with a +0 halberd.
You block the gnoll's attack. The gnoll hits you with a +0 flail.
You climb upwards.
There is a stone staircase leading down here.
You hit the gnoll.
The gnoll is almost dead.
The gnoll hits you with a +0 flail! The gnoll hits you with a +0 flail.
* * * LOW HITPOINT WARNING * * *
The gnoll barely misses you. You block the gnoll's attack.
You closely miss the gnoll.
The gnoll is almost dead.
You block the gnoll's attack. The gnoll hits you with a +0 flail!
You die...

..#.#.#...#...#.#.#.....#.#.....#
#.#.#....#.#...#...#....#.####.##
#.#.#...#...#...#...#...#........
#.#.#..#.....#...#...#..#.#####.#
#.#.#.#.......#.......#.#.#......
#.#.##(................##.#######
#.#.##########.##########.#......
#.#............gg.........#.#####
#.#.############@#(#..#.#.#.#
†.#.# #.#.#..#.#.#.# ###.#
#.#.#..#.#.#.# ....#
#.#....#.#.#.# #####
#.#....#.#.#.# #.#.#.##.#.#.#
#.#.#....#.#.# #.#.######.#(#
#.#......).#.#


You could see 2 gnolls.

Vanquished Creatures
  2 adders (D:2)
  3 endoplasms (D:1)
  2 giant cockroaches (D:2)
  4 goblins
  5 hobgoblins
  6 jackals (D:1)
  4 ball pythons
  3 bats (D:1)
  A frilled lizard (D:1)
  A kobold (D:2)
  8 rats
39 creatures vanquished.

Notes
Turn   | Place    | Note
-------+----------+-------------------------------------------
     0 | D:1      | Bapho the Troll Fighter began the quest for the Orb.
     0 | D:1      | Reached XP level 1. HP: 22/22 MP: 0/0
   115 | D:1      | Found a faded altar of an unknown god.
   138 | D:1      | Became a worshipper of Lugonu the Unformed
   138 | D:1      | Reached * piety under Lugonu
   138 | D:1      | Reached ** piety under Lugonu
   329 | D:1      | Reached XP level 2. HP: 29/29 MP: 1/1
   443 | D:1      | Reached skill level 3 in Shields
   943 | D:1      | Reached XP level 3. HP: 36/36 MP: 2/2
  1327 | D:2      | Reached *** piety under Lugonu
  1328 | D:2      | Reached skill level 1 in Maces & Flails
  1648 | D:1      | Slain by a gnoll

Illustrated notes

Levels and vault maps discovered:
D:1:      matt_arrival_diagonals, layout_basic, shapermc_ecumenical_altar_venn,
          serial_forest, infiniplex_forest_lined_1, infiniplex_forest_corner_1,
          infiniplex_forest_end_double, infiniplex_forest_straight_5,
          infiniplex_forest_zigzag_1, infiniplex_forest_lined_room_,
          infiniplex_forest_lined_corner, infiniplex_forest_zigzag_2,
          infiniplex_forest_lined_ring
D:2:      kennysheep_big_flooded_room, layout_basic

Skill      XL: |  1  2  3 |
---------------+----------+-----
Shields        | 3 |  3.5
Maces & Flails | 1 |  1.2
Fighting       | |  2.4
Dodging        | |  2.4
Unarmed Combat | |  2.3

Action                   || total
-------------------------++-------
Melee: Unarmed           ||    52
       Club              ||   111
Throw: Stone             ||   106
  Use: Scroll            ||     2
Armor: Robe              ||    46
Dodge: Dodged            ||    81
Block: Kite shield       ||    93

Table legend: (Time is in decaauts)
 A = Elapsed time spent in this place.
 B = Non-inter-level travel time spent in this place.
 C = Inter-level travel time spent in this place.
 D = Time resting spent in this place.
 E = Time spent auto-exploring this place.
 F = Levels seen in this place.
 G = Mean time per level.
                   A        B        C        D        E       F      G
               +--------+--------+--------+--------+--------+-----+--------+
         Total |   1739 |   1707 |     32 |      0 |   1210 |   2 |  869.5 |
       Dungeon |   1739 |   1707 |     32 |      0 |   1210 |   2 |  869.5 |
               +--------+--------+--------+--------+--------+-----+--------+

Top non-repeatable levels by time:
     D:1: 1215 daAuts
     D:2: 523 daAuts
